 Dungeon Crawl Stone Soup version 0.19.1-1-g22dce08 (webtiles) character file.

262 TuxedoFelix the Shield-Bearer (level 5, 0/47 HPs)
             Began as a Minotaur Fighter on Jan 15, 2017.
             Slain by a jackal (1 damage)
             ... on level 4 of the Dungeon.
             The game lasted 00:13:24 (2346 turns).

TuxedoFelix the Shield-Bearer (Minotaur Fighter)    Turns: 2346, Time: 00:13:26

Health: 0/47       AC: 11    Str: 21    XL:     5   Next: 97%
Magic:  3/4        EV:  4    Int:  9    God:
Gold:   118        SH: 10    Dex: 10    Spells: 0 memorised, 4 levels left

rFire  . . .     SeeInvis .     a - +0 long sword
rCold  . . .     Gourm    .     o - +0 plate armour
rNeg   . . .     Faith    .     c - +0 shield
rPois  .         Spirit   .     (helmet restricted)
rElec  .         Reflect  .     (no cloak)
rCorr  .         Harm     .     (no gloves)
MR     .....                    (no boots)
Stlth  ..........               (no amulet)
                                p - ring of flight
                                n - +4 ring of intelligence

@: lethally poisoned (0 -> -5), flying
A: retaliatory headbutt, horns 2
a: Stop Flying


You were on level 4 of the Dungeon.
You were not hungry.

You visited 1 branch of the dungeon, and saw 4 of its levels.

You collected 118 gold pieces.

Inventory:

Hand Weapons
 a - a +0 long sword (weapon)
Armour
 c - a +0 shield (worn)
 o - a +0 plate armour (worn)
Jewellery
 n - a +4 ring of intelligence (left hand)
 p - a ring of flight (right hand)
Scrolls
 d - a scroll of teleportation {unknown}
 h - 4 scrolls of amnesia
 i - 3 scrolls of recharging
 j - a scroll of magic mapping {unknown}
 l - a scroll of blinking {unknown}
Potions
 b - a potion of lignification
 m - a potion of resistance
Comestibles
 f - 2 bread rations
 g - 2 chunks of flesh
 k - a beef jerky


   Skills:
 + Level 4.4 Fighting
 + Level 5.0 Long Blades
 + Level 4.3 Armour
 + Level 1.3 Dodging
 + Level 0.5 Stealth
 + Level 5.2 Shields


You had 4 spell levels left.
You didn't know any spells.

Dungeon Overview and Level Annotations

Branches:
Dungeon (4/15)
 Temple: D:4-7

Altars:


Innate Abilities, Weirdness & Mutations

You reflexively headbutt those who attack you in melee.
You have a pair of horns on your head.


Message History

The orc hits you but does no damage.
A jackal comes into view.
You feel very buoyant.
You fly up into the air.
You feel somewhat more hungry.
The jackal barks!
The adder bites you but does no damage.
The jackal bites you but does no damage.
The orc hits you but does no damage. You block the adder's attack.
You closely miss the orc. You block the jackal's attack. The adder bites you.
* * * LOW HITPOINT WARNING * * *
The jackal bites you.
* * * LOW HITPOINT WARNING * * *
The orc hits you but does no damage.
You closely miss the jackal. Your headbutt misses the jackal.
The jackal is moderately wounded.
The adder bites you.
* * * LOW HITPOINT WARNING * * *
You are more poisoned.
The adder poisons you! The jackal bites you.
You die...

##.## ##.8.##
##.....##
#.8o..8.##.. #######
#..........#
#.....###o..<†......
#...oh.ohoo..!......
#..So##o..8...8.....
##%#@####o.......?..
#.#h# #...8.#..... #
#h# ##...###.... #h#
#...# .... #S#
...... .## ...
####.# ... ...


You could see 2 adders, 2 orcs and 4 jackals.

Vanquished Creatures
  A scorpion (D:4)
  A bullfrog zombie (D:3)
  Jessica (D:3)
  4 gnolls (D:3)
  3 adders
  2 oozes
  3 worms
  A dart slug (D:3)
  2 leopard geckos (D:2)
  12 bats
  4 giant cockroaches
  3 goblins
  3 hobgoblins (D:1)
  5 jackals
  10 kobolds
  3 quokkas (D:3)
  10 frilled lizards
  8 rats
76 creatures vanquished.

Notes
Turn   | Place    | Note
-------+----------+-------------------------------------------
     0 | D:1      | TuxedoFelix the Minotaur Fighter began the quest for the Orb.
     0 | D:1      | Reached XP level 1. HP: 19/19 MP: 0/0
   162 | D:1      | Reached XP level 2. HP: 27/27 MP: 1/1
   447 | D:1      | Reached XP level 3. HP: 33/33 MP: 2/2
  1472 | D:2      | Reached XP level 4. HP: 40/40 MP: 3/3
  1605 | D:3      | Reached skill level 1 in Dodging
  1688 | D:3      | Noticed Jessica
  1692 | D:3      | Killed Jessica
  1727 | D:3      | Reached XP level 5. HP: 46/46 MP: 4/4
  1832 | D:3      | Reached skill level 5 in Shields
  2330 | D:4      | Reached skill level 5 in Long Blades
  2345 | D:4      | HP: 2/47 [jackal (2)]
  2346 | D:4      | Slain by a jackal

Skill      XL: |  1  2  3  4  5 |
---------------+----------------+-----
Shields        | 4 5 |  5.2
Fighting       | 4 |  4.4
Long Blades    | 3 4 5 |  5.0
Armour         | 4 |  4.3
Dodging        | 1 |  1.3
Stealth        | |  0.5

Action                   |  1- 3 |  4- 6 || total
-------------------------+-------+-------++-------
Melee: Long sword        |   113 |    64 ||   177
       Headbutt          |    14 |    13 ||    27
 Abil: Evoke Flight      |       |     1 ||     1
  Use: Scroll            |       |     5 ||     5
       Potion            |       |     1 ||     1
  Eat: Chunk             |     2 |     3 ||     5
Armor: Scale mail        |    46 |       ||    46
       Plate armour      |    15 |    60 ||    75
Dodge: Dodged            |    41 |    18 ||    59
Block: Shield            |    62 |    60 ||   122
       Rpst.: Long sword |    15 |     9 ||    24
